 Dungeon Crawl Stone Soup version 0.20-a0-945-g3bf614a (webtiles) character file.

852 nikopol the Skirmisher (level 8, -1/51 HPs)
             Began as a Gargoyle Berserker on Apr 1, 2017.
             Was an Elder of Trog.
             Slain by nikopol's ghost (5 damage)
             ... on level 5 of the Dungeon.
             The game lasted 00:11:40 (3752 turns).

nikopol the Skirmisher (Gargoyle Berserker)         Turns: 3752, Time: 00:11:40

Health: -1/51      AC: 19    Str: 21    XL:     8   Next: 1%
Magic:  8/8        EV: 11    Int:  8    God:    Trog [****..]
Gold:   301        SH:  0    Dex: 11    Spells: 7/7 levels left

rFire    . . .     SeeInvis .   a - +1 war axe
rCold    . . .     Gourm    .   (no shield)
rNeg     + . .     Faith    .   m - +0 scale mail
rPois    ∞         Spirit   .   n - +0 helmet
rElec    +         Reflect  .   t - +2 cloak
rCorr    .         Harm     .   F - +0 pair of gloves
MR       .....                  p - +0 pair of boots (curse)
Stlth    ..........             (no amulet)
Regen    0.2/turn               (no ring)
MPRegen  0.2/turn               (no ring)

@: no status effects
A: negative energy resistance 1, electricity resistance, unbreathing,
petrification resistance, rot immunity, AC +5
a: Berserk, Trog's Hand, Brothers in Arms, Burn Spellbooks, Renounce Religion


You were on level 5 of the Dungeon.
You worshipped Trog.
Trog was greatly pleased with you.
You were near starving.

You visited 1 branch of the dungeon, and saw 5 of its levels.

You collected 301 gold pieces.

Inventory:

Hand Weapons
 a - a +1 war axe (weapon)
 j - a +0 flail
 o - a +0 hand axe
Missiles
 C - 28 arrows (quivered)
Armour
 b - a +0 animal skin
 g - a +0 pair of boots
 m - a +0 scale mail (worn)
 n - a +0 helmet (worn)
 p - a cursed +0 pair of boots (worn)
 t - a +2 cloak (worn)
 F - a +0 pair of gloves (worn)
Jewellery
 k - a +3 amulet of reflection {unknown}
 q - an uncursed amulet of harm {unknown}
 r - an uncursed ring of see invisible {unknown}
 E - a +3 ring of evasion {unknown}
Scrolls
 f - 3 scrolls of enchant weapon
 h - a scroll of teleportation
 l - a scroll of magic mapping
 s - 2 scrolls of amnesia {unknown}
 u - a scroll of recharging {unknown}
 w - 7 scrolls of identify {unknown}
 x - a scroll of enchant armour {unknown}
 y - 2 scrolls of fog {unknown}
 z - a scroll of immolation {unknown}
 B - a scroll of noise {unknown}
Potions
 e - 4 potions of curing {unknown}
 i - a potion of haste {unknown}
 v - a potion of berserk rage {unknown}
 A - 2 potions of mutation {unknown}
 D - a potion of might
Comestibles
 c - 2 bread rations
 d - 6 meat rations


   Skills:
 + Level 5.9 Fighting
 + Level 5.0 Axes
 + Level 4.9 Armour
 + Level 3.8 Dodging


You had 7 spell levels left.
You didn't know any spells.

Dungeon Overview and Level Annotations

Branches:
Dungeon (5/15)             Temple (0/1) D:4

Altars:
Fedhas
Kikubaaqudgha
Qazlal
Uskayaw

Annotations:
D:5 nikopol's ghost, novice GrBe


Innate Abilities, Weirdness & Mutations

You are resistant to torment.
Your stone body is resilient. (AC +5)
You are immune to poison.
You resist negative energy. (rN+)
You are resistant to electric shocks. (rElec)
You can survive without breathing.
You are immune to petrification.
You are immune to rotting.


Message History

You hit nikopol's ghost but do no damage.
Nikopol's ghost is almost destroyed.
Nikopol's ghost hits you.
* * * LOW HITPOINT WARNING * * *
Nikopol's ghost hits you but does no damage.
You hit nikopol's ghost but do no damage.
Nikopol's ghost is almost destroyed.
Nikopol's ghost hits you.
* * * LOW HITPOINT WARNING * * *
You miss nikopol's ghost.
Nikopol's ghost is almost destroyed.
Nikopol's ghost hits you but does no damage.
You hit nikopol's ghost but do no damage.
Nikopol's ghost is almost destroyed.
Nikopol's ghost whispers, "There is no future for you."
Nikopol's ghost hits you but does no damage.
You hit nikopol's ghost but do no damage.
Nikopol's ghost is almost destroyed.
Nikopol's ghost hits you.
You die...

#.# #.##≈≈≈#**,,,** #.#
#####.###..#*≈,,≈≈* ###.#####
#.......#≈≈#≈≈≈*≈,* ........#
#.###.###≈≈#≈,≈*≈≈* .##.###.#
#.#.....#≈≈#≈,≈*≈≈***
.#...##.#####.#.....#.≈#≈∩≈*≈≈*,#
....................#≈≈#≈,≈*≈,*,+
.#....#.#####.#.W...#.≈#≈≈≈*≈≈*,#
.##.#.#.# #...@...#≈≈,,,**≈,≈,*
........# ####.####*≈,,###≈≈≈,*
#####.### #.# ****#.##,,,* #.#
#.# ##'#**** #,# #.# #.# *,* #.#
#.# *,* #.# ##.## *,* #.# ##...##
*,* #.# #.....#


You could see nikopol's ghost.

Vanquished Creatures
  Menkaure (D:4)
  The ghost of Malvoorn the Cudgeler, an amateur GrFi (D:4)
  A scorpion (D:4)
  The ghost of StylePro the Chopper, a weakling MiBe of Trog (D:3)
  A crimson imp (D:4)
  A hound (D:4)
  An orc priest (D:3)
  A centaur skeleton (D:5)
  Jessica (D:2)
  Natasha (thrice) (D:2)
  A worker ant (D:4)
  Robin (D:2)
  8 gnolls (D:2)
  6 adders
  2 oozes
  5 worms
  3 dart slugs
  2 leopard geckos
  7 orcs
  6 giant cockroaches
  19 goblins
  8 hobgoblins
  9 jackals
  7 kobolds
  A quokka (D:2)
  A ball python (D:3)
  4 bats
  5 frilled lizards
  16 rats
123 creatures vanquished.

Notes
Turn   | Place    | Note
-------+----------+-------------------------------------------
     0 | D:1      | nikopol the Gargoyle Berserker began the quest for the Orb.
     0 | D:1      | Reached XP level 1. HP: 14/14 MP: 1/1
   164 | D:1      | Reached XP level 2. HP: 17/19 MP: 2/2
   221 | D:1      | Reached XP level 3. HP: 17/24 MP: 3/3
   450 | D:1      | Reached ** piety under Trog
   915 | D:2      | Noticed Robin
   927 | D:2      | Killed Robin
   927 | D:2      | Reached XP level 4. HP: 15/29 MP: 4/4
  1312 | D:2      | Noticed Jessica
  1320 | D:2      | Reached XP level 5. HP: 29/34 MP: 5/5
  1323 | D:2      | Killed Jessica
  1669 | D:2      | Noticed Natasha
  1677 | D:2      | Killed Natasha
  1824 | D:2      | Noticed Natasha
  1831 | D:2      | Killed Natasha
  1836 | D:2      | Reached XP level 6. HP: 27/39 MP: 6/6
  1856 | D:2      | Noticed Natasha
  1860 | D:2      | Killed Natasha
  2084 | D:3      | Reached *** piety under Trog
  2087 | D:3      | Reached skill level 5 in Fighting
  2131 | D:3      | Found a faded altar of an unknown god.
  2185 | D:3      | Noticed StylePro's ghost (weakling MiBe)
  2194 | D:3      | Killed StylePro's ghost
  2231 | D:3      | Found a hide-covered altar of Uskayaw.
  2232 | D:3      | Found a blossoming altar of Fedhas.
  2272 | D:3      | Found a stormy altar of Qazlal.
  2272 | D:3      | Found an ancient bone altar of Kikubaaqudgha.
  2424 | D:3      | Reached XP level 7. HP: 43/44 MP: 7/7
  2742 | D:4      | Noticed Malvoorn's ghost (amateur GrFi)
  2756 | D:4      | Killed Malvoorn's ghost
  2880 | D:4      | Reached **** piety under Trog
  2883 | D:4      | Noticed Menkaure
  2889 | D:4      | Killed Menkaure
  2913 | D:4      | Found a staircase to the Ecumenical Temple.
  3518 | D:5      | Entered Level 5 of the Dungeon
  3577 | D:5      | Reached skill level 5 in Axes
  3577 | D:5      | Reached XP level 8. HP: 46/51 MP: 8/8
  3716 | D:5      | Noticed nikopol's ghost (novice GrBe)
  3752 | D:5      | Slain by nikopol's ghost

Vault maps used:
D:1:      lemuel_arrival_rhombus, minmay_tall_x
D:2:      uniq_robin, uniq_natasha, uniq_jessica
D:3:      nicolae_overflow_quartered_altars,
          chequers_ecumenical_altar_simple_redux
D:4:      minmay_temple_entry_water_ring, uniq_menkaure
D:5:      gup_sewer_entry_pipe, first_bread

Skill      XL: |  1  2  3  4  5  6  7 |
---------------+----------------------+-----
Axes           | 3 4 5 |  5.0
Dodging        | 2 3 |  3.8
Fighting       | 4 5 |  5.9
Armour         | 3 4 |  4.9

Action                   |  1- 3 |  4- 6 |  7- 9 || total
-------------------------+-------+-------+-------++-------
Melee: Hand axe          |   111 |    39 |       ||   150
       War axe           |       |   122 |   124 ||   246
Invok: Berserk           |     1 |     3 |     1 ||     5
  Use: Scroll            |       |       |     3 ||     3
  Eat: Chunk             |     1 |     8 |     3 ||    12
Armor: Animal skin       |    41 |    14 |       ||    55
       Scale mail        |       |    87 |    51 ||   138
Dodge: Dodged            |    85 |   112 |    79 ||   276
